 Dungeon Crawl Stone Soup version 0.30-a0-272-gf98c3da03f (webtiles) character file.

Game seed: 13893901855367934341

5360 Lobster4 the Trooper (level 10, -22/77 HPs)
             Began as a Human Wanderer on Oct 15, 2022.
             Was an Initiate of Gozag.
             Annihilated by a large slime creature (36 damage)
             ... on level 8 of the Dungeon.
             The game lasted 00:33:55 (8502 turns).

Lobster4 the Trooper (Human Wanderer)               Turns: 8502, Time: 00:33:55

Health: -22/77     AC:  6    Str: 18    XL:     10   Next: 97%
Magic:  13/19      EV: 12    Int: 13    God:    Gozag
Gold:   781        SH:  0    Dex: 11    Spells: 20/21 levels left

rFire   + . .      SeeInvis .    a - +4 flail
rCold   . . .      Faith    .    (no shield)
rNeg    . . .      Spirit   .    I - +1 leather armour {rF+}
rPois   .          Reflect  .    r - +0 helmet
rElec   .          Harm     .    i - +0 cloak
rCorr   +          Rampage  .    (no gloves)
Will    .....                    (no boots)
Stlth   ++........               u - amulet of regeneration
HPRegen 1.12/turn                y - ring of resist corrosion
MPRegen 0.16/turn                (no ring)

@: about to teleport
A: no striking features
a: Renounce Religion, Potion Petition, Call Merchant, Bribe Branch


You were on level 8 of the Dungeon.
You worshipped Gozag.
Gozag was pleased with you.
You visited 2 branches of the dungeon, and saw 9 of its levels.

You collected 883 gold pieces.
You spent 15 gold pieces at shops.
You paid 87 gold pieces to Gozag.

Inventory:

Hand Weapons
 a - a +4 flail (weapon)
 b - a +2 shortbow of freezing
 A - a +2 hand axe
 H - a +0 spear of venom
 O - a +1 sling of freezing
Missiles
 f - 78 stones
 k - 4 javelins
 s - 7 curare-tipped darts (quivered)
 x - 19 poisoned darts
 E - 5 boomerangs
Armour
 i - a +0 cloak (worn)
 q - a +0 ring mail
 r - a +0 helmet (worn)
 I - a +1 leather armour of fire resistance (worn)
Jewellery
 h - an amulet of magic regeneration
 j - a ring of ice
 u - an amulet of regeneration (around neck)
 y - a ring of resist corrosion (left hand)
 P - the amulet of the Ban {Acrobat rElec rF- Str+2}
   (You found it on level 7 of the Dungeon)

   [amulet of the acrobat]

   It increases your evasion while moving and waiting.
   Str:       It affects your strength (+2).
   rF:        It makes you vulnerable to fire.
   rElec:     It insulates you from electricity.
 Q - a +6 ring of intelligence
Wands
 J - a wand of polymorph (6)
 K - a wand of light (7)
 L - a wand of digging (4)
Scrolls
 d - 2 scrolls of noise {unknown}
 e - 2 scrolls of magic mapping
 g - a scroll of poison {unknown}
 l - 2 scrolls of summoning {unknown}
 p - a scroll of teleportation
 v - 2 scrolls of silence {unknown}
 C - a scroll of enchant armour {unknown}
 F - a scroll of fear {unknown}
 G - a scroll of brand weapon {unknown}
 M - 4 scrolls of amnesia {unknown}
 N - a scroll of immolation {unknown}
Potions
 c - a potion of berserk rage {unknown}
 m - a potion of magic
 n - 2 potions of ambrosia
 o - 4 potions of curing
 t - 2 potions of attraction {unknown}
 w - 3 potions of haste {unknown}
 z - 2 potions of might
 B - a potion of cancellation
 D - a potion of flight


   Skills:
 + Level 6.9 Fighting
 - Level 4.0(4.6) Axes
 - Level 1.4(3.0) Maces & Flails
 - Level 2.9(4.0) Polearms
 - Level 2.0 Ranged Weapons
 - Level 2.0 Throwing
 - Level 3.0 Armour
 + Level 2.4 Dodging
 - Level 2.0 Stealth
 + Level 6.2 Spellcasting
 + Level 6.8 Conjurations
 + Level 6.8 Air Magic
 - Level 3.0 Evocations


You had 20 spell levels left.
You knew the following spells:

 Your Spells              Type           Power      Damage    Failure   Level
a - Shock                 Conj/Air       84%        1d8       1%          1

Your spell library contained the following spells:

 Spells                   Type           Power      Damage    Failure   Level
 Magic Dart               Conj           84%        1d7       1%          1
 Mephitic Cloud           Conj/Pois/Air  15%        N/A       9%          3
 Dazzling Flash           Conj/Hex       26%        N/A       14%         3
 Vhi's Electric Charge    Tloc/Air       24%        N/A       14%         3
 Beastly Appendage        Tmut           8%         N/A       21%         1
 Kindle Blastsparks       Fire/Tloc/Air  18%        2d11      22%         3
 Call Imp                 Summ           4%         N/A       30%         2
 Wereblood                Tmut           4%         N/A       30%         2
 Fulminant Prism          Conj/Hex       6%         3d7       43%         4
 Iskenderun's Mystic Bla  Conj/Tloc      13%        2d5       43%         4
 Inner Flame              Hex/Fire       4%         N/A       52%         3
 Spider Form              Tmut/Pois      4%         N/A       52%         3
 Cause Fear               Hex            2%         N/A       89%         4
 Lee's Rapid Deconstruct  Erth           2%         3d5*      99%         5
 Starburst                Conj/Fire      6%         6d4       100%        6
 Discord                  Hex            2%         N/A       100%        8


Dungeon Overview and Level Annotations

Branches:
Dungeon (8/15)             Temple (1/1) D:6
   Lair: D:8-11

Altars:
Gozag
Hepliaklqana
Kikubaaqudgha
Ru
Uskayaw
Wu Jian
Xom
Zin

Shops:
D:1 (   D:2 ((

Annotations:
D:3 2 transporters, hgbash's ghost, amateur SpCj


Message History

The zap hits the slime creature.
The slime creature is heavily wounded.
The slime creature hits you!
Casting: Shock (safe; 1% risk of failure)
Confirm with . or Enter, or press ? or * to list all spells.
Aiming: Shock (safe; 1% risk of failure)
Press: ? - help, Shift-Dir - straight line, f/p - slime creature
Aim: a slime creature (heavily wounded, 94% to hit)
The zap hits the slime creature.
The slime creature is heavily wounded.
The zap hits the slime creature.
The slime creature is heavily wounded.
The slime creature closely misses you.
Casting: Shock (safe; 1% risk of failure)
Confirm with . or Enter, or press ? or * to list all spells.
Aiming: Shock (safe; 1% risk of failure)
Press: ? - help, Shift-Dir - straight line, f/p - slime creature
Aim: a slime creature (heavily wounded, 94% to hit)
The zap hits the slime creature.
The slime creature is severely wounded.
The zap hits the slime creature.
The slime creature is severely wounded.
Two slime creatures merge to form a large slime creature.
The large slime creature attacks as you move away!
The large slime creature hits you!!
The large slime creature attacks as you move away!
The large slime creature hits you!!
* * * LOW HITPOINT WARNING * * *
Okay, then.
Okay, then.
Press: ? - help, v - describe, . - travel
Here: a large slime creature (moderately wounded)
The floor.
As you read the scroll of teleportation, it crumbles to dust.
You feel strangely unstable.
The large slime creature hits you but does no damage.
The large slime creature attacks as you move away!
The large slime creature hits you!!!
You die...
Your body crumbles into a pile of gold.

########### #####
##.........# #...#
...........#####.#.#
##.###..........@..#
#.# #.....####.J..#
#.# #.....#
#....####### #..#
####### #...........
.#.# ##...#####.
.#..## ##...#####
...$.#
########<........J#
....#
.............####.#
.#.## ########...###


You could see a large slime creature.

Vanquished Creatures
  A two-headed ogre (D:8)
  A slime creature (D:7)
  Grinder (D:6)
  11 yaks
  Eustachio (D:5)
  3 water moccasins
  An ice beast (D:5)
  An orc warrior (D:6)
  4 black bears
  3 ogres
  A centaur (D:7)
  2 kobold brigands (D:7)
  3 bullfrogs
  A gnoll sergeant (D:5)
  A scorpion (D:5)
  2 hounds
  3 jellies
  7 orc priests
  3 iguanas
  6 orc wizards
  A scorpion zombie (D:3)
  11 gnolls
  9 adders
  A shadow imp (D:7)
  3 white imps
  An adder skeleton (D:3)
  2 adder zombies (D:3)
  3 worms
  3 dart slugs
  24 orcs
  12 ball pythons
  11 endoplasms
  9 giant cockroaches
  6 goblins
  2 hobgoblins (D:1)
  3 jackals (D:4)
  3 quokkas
  10 bats
  3 frilled lizards
  11 kobolds
  2 quokka zombies (D:3)
  8 rats
194 creatures vanquished.

Vanquished Creatures (others)
  2 withered plants (D:3)
2 creatures vanquished.

Grand Total: 196 creatures vanquished

Notes
Turn   | Place    | Note
-------+----------+-------------------------------------------
     0 | D:1      | Lobster4 the Human Wanderer began the quest for the Orb.
     0 | D:1      | Lobster4 set off with the following items: a +2 hand axe, a
                  | +0 helmet, a potion of heal wounds, a +0 robe; and the
                  | following spell memorised: Shock; and the following spells
                  | available to memorise: Vhi's Electric Charge.
     0 | D:1      | Reached XP level 1. HP: 15/15 MP: 2/2
   112 | D:1      | Reached XP level 2. HP: 21/21 MP: 3/3
   275 | D:1      | Found a faded altar of an unknown god.
   362 | D:1      | Reached XP level 3. HP: 23/26 MP: 4/4
   575 | D:1      | Found Feun's Weapon Shop.
   582 | D:1      | Bought a +0 sling for 15 gold pieces
   753 | D:2      | Found Upap's Weapon Emporium.
   759 | D:2      | Reached skill level 1 in Armour
   759 | D:2      | Reached XP level 4. HP: 6/33 MP: 3/6
   961 | D:2      | Reached skill level 1 in Conjurations
   970 | D:2      | Found Mysyirph's Weapon Emporium.
  1568 | D:3      | Found an ancient bone altar of Kikubaaqudgha.
  1601 | D:3      | Reached XP level 5. HP: 38/38 MP: 7/7
  1608 | D:3      | Found a transporter.
  1609 | D:3      | Found a transporter.
  1610 | D:3      | Noticed hgbash's ghost (amateur SpCj)
  1610 | D:3      | Noticed an ogre
  1611 | D:3      | Noticed an ogre
  1612 | D:3      | Noticed an ogre
  1970 | D:3      | Reached XP level 6. HP: 44/44 MP: 9/9
  2330 | D:4      | Noticed a black bear
  2335 | D:4      | Killed a black bear
  2412 | D:4      | Noticed an ogre
  2421 | D:4      | Killed an ogre
  2422 | D:4      | Reached skill level 1 in Maces & Flails
  2422 | D:4      | Reached XP level 7. HP: 51/51 MP: 10/10
  2546 | D:4      | Found a glowing silver altar of Zin.
  2734 | D:4      | Reached skill level 1 in Throwing
  2906 | D:4      | Found a shimmering altar of Xom.
  3174 | D:5      | Entered Level 5 of the Dungeon
  3323 | D:5      | Reached XP level 8. HP: 26/58 MP: 0/12
  4052 | D:5      | Noticed Eustachio
  4064 | D:5      | Killed Eustachio
  4065 | D:5      | Reached skill level 1 in Ranged Weapons
  4566 | D:5      | Reached XP level 9. HP: 34/66 MP: 3/15
  4858 | D:6      | Found a sacrificial altar of Ru.
  4991 | D:6      | Noticed Grinder
  5004 | D:6      | Killed Grinder
  5005 | D:6      | Reached skill level 5 in Fighting
  5142 | D:6      | Found an ornate altar of the Wu Jian Council.
  5220 | D:6      | Reached skill level 5 in Air Magic
  5450 | D:6      | Found a staircase to the Ecumenical Temple.
  5458 | Temple   | Entered the Ecumenical Temple
  5466 | Temple   | Became a worshipper of Gozag Ym Sagoz the Greedy
  5755 | D:6      | Reached skill level 5 in Conjurations
  6238 | D:7      | Reached skill level 1 in Dodging
  6248 | D:7      | Reached skill level 5 in Spellcasting
  6942 | D:7      | Identified the amulet of the Ban {Acrobat rElec rF- Str+2}
  7103 | D:7      | Reached XP level 10. HP: 76/76 MP: 15/18
  7495 | D:7      | Reached skill level 1 in Polearms
  8187 | D:8      | Noticed a two-headed ogre
  8203 | D:8      | Killed a two-headed ogre
  8446 | D:8      | Found a hide-covered altar of Uskayaw.
  8502 | D:8      | Annihilated by a large slime creature

Illustrated notes

Levels and vault maps discovered:
D:1:      minmay_arrival_four_circles, layout_basic,
          chequers_ecumenical_altar_grove, serial_shops, shop
D:2:      layout_rooms, serial_shops, nicolae_shop_trees,
          nicolae_shop_bloodbath_and_beyond, kennysheep_path_1
D:3:      minmay_skewed_foursquare, layout_rooms, mainiacjoe_overflow_chevrons,
          gammafunk_ghost_smash, serial_undead, serial_undead_a,
          serial_undead_b, serial_undead_a, serial_undead_a, serial_undead_e,
          serial_undead_b
D:4:      layout_basic, mainiacjoe_overflow_brackets, brannock_xom_greatest_gift
D:5:      layout_gridville, uniq_eustachio
D:6:      layout_loops_corners, nzn_wu_jian_contemplation,
          nicolae_ru_awakened_eye, minmay_temple_entry_gardened_gates,
          cheibrodos_sewer_entry_drain, uniq_grinder
D:7:      layout_basic, item_on_display_a
D:8:      layout_loops_ring, general_overflow_altar, ebering_ghost_disaster_area
Temple:   dpeg_chambers_temple

Skill      XL: |  1  2  3  4  5  6  7  8  9 10 |
---------------+-------------------------------+-----
Armour         | 1 2 3 |  3.0
Conjurations   | 1 2 3 4 5 6 |  6.8
Fighting       | 2 3 4 5 6 |  6.9
Air Magic      | 2 3 4 5 6 |  6.8
Spellcasting   | 2 3 4 5 6 |  6.2
Evocations     | 3 |  3.0
Maces & Flails | 1 |  1.4
Throwing       | 1 2 |  2.0
Ranged Weapons | 1 2 |  2.0
Dodging        | 1 2 |  2.4
Stealth        | 2 |  2.0
Polearms       | 2 |  2.9
Axes           | |  4.0

Action                   |  1- 3 |  4- 6 |  7- 9 | 10-12 || total
-------------------------+-------+-------+-------+-------++-------
Melee: Hand axe          |    82 |   137 |       |       ||   219
       Punch             |     1 |     1 |       |     1 ||     3
       Flail             |       |    30 |    91 |    60 ||   181
       Unarmed           |       |       |     4 |       ||     4
 Fire: Sling             |     3 |     3 |       |       ||     6
Throw: Dart              |       |     6 |    13 |     2 ||    21
       Javelin           |       |     4 |       |       ||     4
 Cast: Shock             |     2 |    11 |   258 |   109 ||   380
  Use: Scroll            |       |     1 |     8 |     3 ||    12
       Potion            |       |       |     1 |     1 ||     2
 Stab: Sleeping          |     1 |     1 |     2 |       ||     4
Armor: Robe              |    31 |       |       |       ||    31
       Leather armour    |     7 |    66 |    70 |    34 ||   177
       Skin              |       |       |     2 |       ||     2
Dodge: Dodged            |    61 |   101 |   111 |    44 ||   317

Table legend: (Time is in decaauts)
 A = Elapsed time spent in this place.
 B = Non-inter-level travel time spent in this place.
 C = Inter-level travel time spent in this place.
 D = Time resting spent in this place.
 E = Time spent auto-exploring this place.
 F = Levels seen in this place.
 G = Mean time per level.
                   A        B        C        D        E       F      G
               +--------+--------+--------+--------+--------+-----+--------+
         Total |   8577 |   8051 |    526 |   1307 |   4602 |   9 |  953.0 |
       Dungeon |   8554 |   8034 |    520 |   1307 |   4602 |   8 | 1069.2 |
        Temple |     22 |     16 |      6 |      0 |      0 |   1 |   22.0 |
               +--------+--------+--------+--------+--------+-----+--------+

Top non-repeatable levels by time:
     D:7: 2000 daAuts
     D:5: 1535 daAuts
     D:6: 1159 daAuts
     D:4: 959 daAuts
     D:1: 866 daAuts
     D:3: 819 daAuts
     D:2: 687 daAuts
     D:8: 526 daAuts
  Temple: 22 daAuts
